 Dungeon Crawl Stone Soup version 0.16.0 (webtiles) character file.

18690 MDvedh the Cleaver (level 12, -5/113 HPs)
             Began as a Minotaur Assassin on Mar 14, 2015.
             Was a High Priest of Trog.
             Killed from afar by an ice statue (34 damage)
             ... with a bolt of cold
             ... in an ice cave.
             The game lasted 00:29:06 (12070 turns).

MDvedh the Cleaver (Minotaur Assassin)             Turns: 12070, Time: 00:29:06

Health: -5/113     AC: 22    Str: 21    XL:     12   Next: 29%
Magic:  5/5        EV:  9    Int:  5    God:    Trog [*****.]
Gold:   365        SH:  0    Dex: 12    Spells: 0 memorised, 11 levels left

rFire  . . .     SeeInvis .     y - +1 hand axe (flame)
rCold  . . .     Rnd*Rage +     a - +0 plate armour
rNeg   . . .     SustAb   .     (no shield)
rPois  .         Gourm    .     (helmet restricted)
rElec  .         Spirit   .     H - +2 cloak
rCorr  .         Warding  .     (no gloves)
rMut   .         Stasis   .     (no boots)
MR     .....                    (no amulet)
Stlth  ..........               C - +3 ring of protection
                                E - -3 ring of intelligence (curse)

@: not resistant to hostile enchantments, extremely unstealthy
A: retaliatory headbutt, horns 2, berserk 1, MP-powered wands 1
a: Burn Spellbooks, Berserk, Trog's Hand, Brothers in Arms, Renounce Religion


You were in an ice cave.
You worshipped Trog.
Trog was extremely pleased with you.
You were not hungry.

You visited 1 branch of the dungeon, and saw 11 of its levels.
You also visited: Ice Cave.

You collected 686 gold pieces.
You spent 321 gold pieces at shops.

Inventory:

Hand weapons
 f - a +0 war axe
 y - a +1 hand axe of flaming (weapon)
Armour
 a - a +0 plate armour (worn)
 H - a +2 cloak (worn)
Jewellery
 r - an uncursed ring of positive energy
 u - an uncursed ring of see invisible
 x - an uncursed ring of fire
 C - a +3 ring of protection (right hand)
 E - a cursed -3 ring of intelligence (left hand)
 G - an uncursed ring of stealth {unknown}
Magical devices
 b - a wand of paralysis (14)
 h - a wand of teleportation (5)
 j - a wand of frost (31)
 s - a wand of fire (3)
Scrolls
 c - a scroll of remove curse
 t - 5 scrolls of teleportation
 B - a scroll of recharging
 D - 2 scrolls of fear
 L - a scroll of magic mapping
Potions
 d - a potion of heal wounds
 e - a potion of cure mutation
 i - 3 potions of magic
 k - 4 potions of cancellation
 n - 3 potions of restore abilities
 o - a potion of agility
 p - 5 potions of brilliance
 q - 6 potions of curing
 v - a potion of invisibility
 w - a potion of lignification
 A - a potion of haste
 F - 2 potions of might
 J - a potion of berserk rage
Comestibles
 g - 9 bread rations
 l - 7 meat rations
 m - 10 fruits
 z - 4 slices of pizza


   Skills:
 + Level 12.6 Fighting
   Level 2.1 Short Blades
 - Level 14.7 Axes
 - Level 2.0 Throwing
 + Level 12.4 Armour
 * Level 6.5 Dodging
 - Level 3.2 Stealth


You had 11 spell levels left.
You didn't know any spells.

Dungeon Overview and Level Annotations

Branches:
Dungeon (11/15)            Temple (0/1) D:4            Lair (0/8) D:9
    Orc (0/4) D:9

Altars:
Cheibriados
Dithmenos
Elyvilon
Makhleb
Nemelex Xobeh
Ru
Trog
Vehumet
Xom
Zin
The Shining One

Shops:
D:4 }[[   D:10 *

Annotations:
D:8 exclusion: statue IceCv exclusion: ice statue


Innate Abilities, Weirdness & Mutations

You reflexively headbutt those who attack you in melee.
You have a pair of horns on your head.
You tend to lose your temper in combat.
You expend magic power (3 MP) to slightly strengthen your wands.


Message History

The ice statue is heavily damaged.
The ice statue throws cold at you. The bolt of cold hits you!
Unknown command.
You hit the ice statue but do no damage.
You headbutt the ice statue, but do no damage.
The ice statue is heavily damaged.
Unknown command.
You hit the ice statue.
You melt the ice statue.
You headbutt the ice statue, but do no damage.
The ice statue is heavily damaged.
The ice statue throws cold at you. The bolt of cold hits you!
* * * LOW HITPOINT WARNING * * *
Unknown command.
You slash the ice statue!!
You melt the ice statue.
The ice statue is almost destroyed.
The ice statue throws cold at you. The bolt of cold hits you!
You die...

#.' #.#########
##.#.#.#.#.# ###
#8.#'#'#'#'## #..
..#.......'. #.#
#.#.8.8.8.## ##.#
#.#......... #8.+
#.'......... #@#
#.#.........
#.#####.#.8.8.8.##
#.......#.......'.
######..#'#'#'#'##
##.#.#.#.#.#
#.#########
#.'.......+
###########


You could see an ice statue.

Vanquished Creatures
  Urug (D:11)
  2 ice devils (IceCv)
  3 ice statues (IceCv)
  3 hill giants
  The ghost of MDvedh the Cleaver, an experienced MiCK of Xom (D:5)
  A griffon (D:9)
  A centaur zombie (D:11)
  A troll (D:10)
  5 blue devils (IceCv)
  A two-headed ogre (D:9)
  A basilisk (D:11)
  2 hungry ghosts (D:7)
  3 hippogriffs
  A human (D:7)
  4 sky beasts
  2 wasps
  12 ice beasts
  A black bear (D:11)
  7 ogres
  2 orc warriors
  5 phantoms
  A crocodile (D:7)
  4 centaurs
  A necrophage (D:9)
  Sigmund (D:6)
  Duvessa (D:6)
  A big kobold (D:9)
  5 giant frogs
  16 killer bees
  3 scorpions
  3 wights (D:6)
  2 crimson imps
  2 goliath beetles
  Dowan (D:6)
  2 draconian simulacra (IceCv)
  A giant frog zombie (D:5)
  5 hounds
  2 centaur skeletons (D:10)
  An iron imp (D:8)
  A jelly (D:9)
  3 giant frog skeletons
  An iguana (D:5)
  9 orc priests
  A quasit (D:7)
  7 worker ants
  14 orc wizards
  4 sheep (D:7)
  3 troll simulacra (IceCv)
  Jessica (D:2)
  A centaur simulacrum (IceCv)
  2 hound zombies
  A hound skeleton (D:11)
  A mummy (D:9)
  4 gnolls (D:10)
  A naga simulacrum (IceCv)
  A worker ant zombie (D:5)
  11 adders
  3 ogre simulacra (IceCv)
  12 white imps (D:11)
  4 worms
  3 shadow imps
  An adder skeleton (D:9)
  An adder zombie (D:9)
  5 giant geckos
  36 orcs
  11 bats
  A bat skeleton (D:4)
  8 giant cockroaches
  10 goblins
  7 hobgoblins
  11 jackals
  An ooze (D:1)
  A ball python (D:4)
  2 giant newts (D:3)
  2 goblin skeletons (D:8)
  4 hobgoblin zombies (D:8)
  6 kobolds
  2 kobold zombies (D:8)
  An orc skeleton (D:8)
  3 quokkas
  15 rats
327 creatures vanquished.

Notes
Turn   | Place    | Note
--------------------------------------------------------------
     0 | D:1      | MDvedh, the Minotaur Assassin, began the quest for the Orb.
     0 | D:1      | Reached XP level 1. HP: 18/18 MP: 1/1
    30 | D:1      | Reached skill level 1 in Axes
   213 | D:1      | Reached XP level 2. HP: 25/25 MP: 1/1
   722 | D:1      | Reached XP level 3. HP: 30/30 MP: 2/2
   750 | D:2      | Found a shadowy altar of Dithmenos.
   759 | D:2      | Found a snail-covered altar of Cheibriados.
   958 | D:2      | Noticed Jessica
   975 | D:2      | Killed Jessica
   975 | D:2      | Reached skill level 4 in Axes
  1093 | D:2      | Reached XP level 4. HP: 37/37 MP: 2/2
  1303 | D:2      | Found a bloodstained altar of Trog.
  1326 | D:2      | Found a shimmering altar of Xom.
  1349 | D:2      | Became a worshipper of Trog the Wrathful
  1831 | D:3      | Reached skill level 5 in Axes
  2078 | D:3      | Reached XP level 5. HP: 40/42 MP: 2/2
  2086 | D:3      | Acquired Trog's first power
  2189 | D:3      | Reached skill level 6 in Axes
  2556 | D:4      | Reached skill level 7 in Axes
  2568 | D:4      | Reached XP level 6. HP: 48/50 MP: 3/3
  2618 | D:4      | Found a sparkling altar of Nemelex Xobeh.
  2627 | D:4      | Acquired Trog's second power
  2627 | D:4      | Reached skill level 8 in Axes
  2796 | D:4      | Found Rorilel's Gadget Shoppe.
  2804 | D:4      | Noticed a phantom
  2817 | D:4      | Found a staircase to the Ecumenical Temple.
  2818 | D:4      | Noticed an ogre
  2826 | D:4      | Killed a phantom
  2826 | D:4      | Reached XP level 7. HP: 38/56 MP: 3/3
  2829 | D:4      | Killed an ogre
  2829 | D:4      | Reached skill level 9 in Axes
  3009 | D:4      | Found Wuuraomi's Armour Shoppe.
  3161 | D:4      | Noticed an ogre
  3166 | D:4      | Killed an ogre
  3238 | D:4      | Reached skill level 10 in Axes
  3292 | D:4      | Found Kaemat's Antique Armour Emporium.
  3489 | D:5      | Entered Level 5 of the Dungeon
  3700 | D:5      | Found a sacrificial altar of Ru.
  3777 | D:5      | Reached skill level 11 in Axes
  3777 | D:5      | Reached XP level 8. HP: 58/62 MP: 3/3
  4037 | D:5      | Noticed MDvedh's ghost (experienced MiCK)
  4046 | D:5      | Killed MDvedh's ghost
  4046 | D:5      | Reached skill level 12 in Axes
  4178 | D:4      | Bought a slimy scale mail for 207 gold pieces
  4188 | D:4      | Identified the cursed -5 scale mail "Xuedd" {Str+5 Stlth-} (You bought it in a shop on level 4 of the Dungeon)
  4775 | D:6      | Reached skill level 13 in Axes
  5112 | D:6      | Noticed Dowan
  5113 | D:6      | Noticed Duvessa
  5120 | D:6      | Killed Duvessa
  5122 | D:6      | Killed Dowan
  5122 | D:6      | Reached XP level 9. HP: 68/68 MP: 4/4
  5169 | D:6      | Noticed Sigmund
  5178 | D:6      | Killed Sigmund
  5684 | D:7      | Reached skill level 14 in Axes
  5866 | D:7      | Found a burning altar of Makhleb.
  5870 | D:7      | Found a glowing silver altar of Zin.
  5870 | D:7      | Noticed an angel
  5871 | D:7      | Noticed a blizzard demon
  5892 | D:7      | Acquired Trog's third power
  6486 | D:7      | Found a white marble altar of Elyvilon.
  6602 | D:7      | Reached skill level 1 in Armour
  7001 | D:7      | Reached skill level 5 in Fighting
  7251 | D:8      | Found a shadowy altar of Dithmenos.
  7321 | D:8      | Found a glowing golden altar of the Shining One.
  7389 | D:8      | Reached skill level 5 in Armour
  7389 | D:8      | Reached XP level 10. HP: 75/81 MP: 4/4
  7560 | D:8      | Received a gift from Trog
  7573 | D:8      | Found a radiant altar of Vehumet.
  7588 | D:8      | Reached skill level 10 in Fighting
  7588 | D:8      | Reached skill level 10 in Armour
  7588 | D:8      | Reached XP level 11. HP: 78/101 MP: 4/4
  8073 | D:9      | Found a staircase to the Orcish Mines.
  8463 | D:9      | Found a white marble altar of Elyvilon.
  8492 | D:9      | Gained mutation: You expend magic power (3 MP) to slightly strengthen your wands. [mutagenic meat]
  8493 | D:9      | Gained mutation: You tend to lose your temper in combat. [mutagenic meat]
  8541 | D:9      | Found a staircase to the Lair.
  8674 | D:9      | Noticed a hill giant
  8685 | D:9      | Killed a hill giant
  9484 | D:10     | Entered Level 10 of the Dungeon
 10269 | D:10     | Found Schuas' General Store.
 10274 | D:10     | Bought a scroll of identify for 24 gold pieces
 10274 | D:10     | Bought a scroll of fear for 42 gold pieces
 10274 | D:10     | Bought a scroll of identify for 24 gold pieces
 10274 | D:10     | Bought a scroll of identify for 24 gold pieces
 10404 | D:11     | Noticed a hill giant
 10411 | D:11     | Killed a hill giant
 10411 | D:11     | Received a gift from Trog
 10550 | D:11     | Noticed Urug
 10551 | D:11     | Noticed a hill giant
 10558 | D:11     | Killed a hill giant
 10568 | D:11     | Killed Urug
 10849 | D:11     | Found a frozen archway.
 10855 | D:11     | Received a gift from Trog
 10875 | IceCv    | Entered an ice cave
 10978 | IceCv    | Noticed an ice devil
 10978 | IceCv    | Noticed an ice devil
 10993 | IceCv    | Killed an ice devil
 10993 | IceCv    | Reached XP level 12. HP: 79/112 MP: 5/5
 10997 | IceCv    | Reached skill level 5 in Dodging
 10999 | IceCv    | Killed an ice devil
 11302 | IceCv    | Noticed an ice statue
 11302 | IceCv    | Noticed an ice statue
 11326 | IceCv    | Killed an ice statue
 11759 | IceCv    | Killed an ice statue
 11976 | IceCv    | Noticed an ice statue
 12033 | IceCv    | Killed an ice statue
 12059 | IceCv    | Noticed an ice statue
 12070 | IceCv    | Killed from afar by an ice statue

Action                   |  1- 3 |  4- 6 |  7- 9 | 10-12 || total
-------------------------+-------+-------+-------+-------++-------
Melee: Hand axe          |    71 |   153 |   301 |   398 ||   923
Invok: Burn Spellbooks   |       |     2 |     1 |     1 ||     4
       Berserk           |       |       |     6 |     5 ||    11
       Trog's Hand       |       |       |     1 |     1 ||     2
  Use: Scroll            |       |       |    16 |     9 ||    25
       Potion            |       |       |       |     2 ||     2
 Stab: Sleeping          |     3 |       |       |       ||     3
  Eat: Chunk             |       |     6 |    14 |     9 ||    29
       Fruit             |       |       |     1 |       ||     1
       Meat ration       |       |       |     1 |       ||     1
       Beef jerky        |       |       |     2 |     5 ||     7
       Royal jelly       |       |       |       |     2 ||     2
       Pizza             |       |       |       |     3 ||     3
